 Dungeon Crawl Stone Soup version 0.21.1-1-g345015fe64 (webtiles) character file.

2345 Loge the Destroyer (level 9, -10/45 HPs)
             Began as a Deep Elf Fire Elementalist on July 17, 2018.
             Was a Priest of Sif Muna.
             Shot with an arrow by a centaur (12 damage)
             ... on level 7 of the Dungeon.
             The game lasted 00:27:31 (8107 turns).

Loge the Destroyer (Deep Elf Fire Elementalist)     Turns: 8107, Time: 00:27:32

Health: -10/45     AC:  5    Str:  5    XL:     9   Next: 20%
Magic:  13/23      EV: 13    Int: 24    God:    Sif Muna [***...]
Gold:   367        SH:  0    Dex: 15    Spells: 19/25 levels left

rFire    . . .     SeeInvis .   A - +0 short sword (venom)
rCold    . . .     Gourm    .   (no shield)
rNeg     . . .     Faith    .   a - +0 robe
rPois    .         Spirit   .   d - +1 helmet
rElec    .         Reflect  .   (no cloak)
rCorr    .         Harm     .   (no gloves)
MR       .....                  x - +0 pair of boots
Stlth    ++........             (no amulet)
HPRegen  0.15/turn              (no ring)
MPRegen  0.18/turn              (no ring)

@: divine energy
A: no striking features
a: Stop Divine Energy, Channel Magic, Renounce Religion


You were on level 7 of the Dungeon.
You worshipped Sif Muna.
Sif Muna was most pleased with you.
You were hungry.

You visited 1 branch of the dungeon, and saw 7 of its levels.

You collected 367 gold pieces.

Inventory:

Hand Weapons
 A - a +0 short sword of venom (weapon)
Missiles
 w - 10 tomahawks (quivered)
Armour
 a - a +0 robe (worn)
 d - a +1 helmet (worn)
 v - a +0 large shield
 x - a +0 pair of boots (worn)
Magical Staves
 E - an uncursed staff of poison
Jewellery
 m - an uncursed ring of wizardry {unknown}
 q - an uncursed amulet of regeneration {unknown}
 C - an uncursed amulet of the gourmand {unknown}
Wands
 s - a wand of iceblast (14)
Scrolls
 f - a scroll of enchant weapon {unknown}
 h - 3 scrolls of amnesia
 i - a scroll of summoning {unknown}
 j - a scroll of remove curse
 n - 3 scrolls of enchant armour
 p - a scroll of magic mapping {unknown}
 r - a scroll of random uselessness {unknown}
 u - a scroll of teleportation {unknown}
 y - a scroll of immolation {unknown}
 F - 2 scrolls of fog {unknown}
Potions
 e - 2 potions of flight {unknown}
 g - 5 potions of agility
 k - 2 potions of curing {unknown}
 o - 2 potions of lignification
 t - a potion of heal wounds {unknown}
 z - 2 potions of mutation {unknown}
 B - 2 potions of haste {unknown}
 D - a potion of ambrosia {unknown}
Books
 b - a book of Flames

   Spells                             Type                      Level
   a - Flame Tongue                   Conjuration/Fire             1
   b - Throw Flame                    Conjuration/Fire             2
   c - Conjure Flame                  Conjuration/Fire             3
   d - Inner Flame                    Hexes/Fire                   3
   e - Sticky Flame                   Conjuration/Fire             4
   f - Fireball                       Conjuration/Fire             5
 l - a book of Maledictions

   Spells                             Type                      Level
   a - Corona                         Hexes                        1
   b - Ensorcelled Hibernation        Hexes/Ice                    2
   c - Confuse                        Hexes                        3
   d - Tukima's Dance                 Hexes                        3
   e - Dazzling Spray                 Conjuration/Hexes            3
 G - a book of Necromancy

   Spells                             Type                      Level
   a - Pain                           Necromancy                   1
   b - Animate Skeleton               Necromancy                   1
   c - Vampiric Draining              Necromancy                   3
   d - Regeneration                   Charms/Necromancy            3
   e - Animate Dead                   Necromancy                   4
   f - Borgnjor's Vile Clutch         Necromancy/Earth             5
Comestibles
 c - 13 rations


   Skills:
 - Level 2.4 Dodging
 - Level 2.4 Stealth
 + Level 8.6 Spellcasting
 * Level 9.6 Conjurations
 + Level 7.5 Fire Magic


You had 19 spell levels left.
You knew the following spells:

 Your Spells              Type           Power        Failure   Level  Hunger
a - Flame Tongue          Conj/Fire      #####        1%          1    None
b - Throw Flame           Conj/Fire      ######       1%          2    None
c - Conjure Flame         Conj/Fire      ######..     1%          3    None


Dungeon Overview and Level Annotations

Branches:
Dungeon (7/15)             Temple (0/1) D:6

Altars:
Ashenzari
Dithmenos
Fedhas
Gozag
Sif Muna
Uskayaw

Annotations:
D:7 Joseph


Message History

Casting: Flame Tongue
Confirm with . or Enter, or press ? or * to list all spells.
Aiming: Flame Tongue
Press: ? - help, Shift-Dir - straight line, f/p - hound skeleton
Aim: a hound skeleton (heavily damaged)
The flame tongue hits the hound skeleton.
You destroy the hound skeleton!
Sif Muna accepts your kill.
Casting: Flame Tongue
Confirm with . or Enter, or press ? or * to list all spells.
Aiming: Flame Tongue
Press: ? - help, Shift-Dir - straight line, f - Joseph
Aim: Joseph, wielding a hunting sling and wearing a ring mail (lightly wounded)
The flame tongue hits Joseph.
Joseph appears unharmed.
Joseph is lightly wounded.
The centaur shoots an arrow.
The arrow hits you!
Joseph shoots a sling bullet.
The sling bullet hits you!
* * * LOW HITPOINT WARNING * * *
The centaur shoots an arrow.
The arrow hits you!
You die...

##......##
##...>....##
#..........#
#..........#
#..........#
#..........#
#....†.....#
#.(......##
#..@(((..##
#..........#
#(.....)...%#
$......<...%..#
#.##....c.@....#
# #...........#
##..........#
...........#
.#####.....#


You could see Joseph and a centaur.

Vanquished Creatures
  Pikel (D:4)
  A hungry ghost (D:5)
  Menkaure (D:5)
  An orc warrior (D:6)
  2 slaves (D:4)
  2 ice beasts
  2 ogres
  A necrophage (D:7)
  3 phantoms
  2 bullfrogs (D:6)
  A scorpion (D:5)
  A hound (D:6)
  A bullfrog skeleton (D:5)
  A jelly (D:5)
  3 orc wizards
  3 orc priests
  3 worker ants (D:4)
  A hound zombie (D:5)
  A hound skeleton (D:7)
  9 gnolls
  A worker ant zombie (D:6)
  14 adders
  A shadow imp (D:7)
  3 oozes
  An adder zombie (D:6)
  An adder skeleton (D:4)
  4 worms
  6 dart slugs
  4 leopard geckos
  9 orcs
  11 bats
  A giant cockroach (D:1)
  14 hobgoblins
  3 quokkas
  2 ball pythons
  10 frilled lizards
  6 goblins
  8 kobolds
  A leopard gecko skeleton (D:6)
  4 rats
144 creatures vanquished.

Vanquished Creatures (others)
  A slave (D:4)
  An orc priest (D:4)
2 creatures vanquished.

Grand Total: 146 creatures vanquished

Notes
Turn   | Place    | Note
-------+----------+-------------------------------------------
     0 | D:1      | Loge the Deep Elf Fire Elementalist began the quest for the Orb.
     0 | D:1      | Reached XP level 1. HP: 10/10 MP: 6/6
   251 | D:1      | Reached XP level 2. HP: 9/15 MP: 4/8
   334 | D:1      | Learned a level 2 spell: Throw Flame
   344 | D:1      | Reached skill level 2 in Conjurations
   531 | D:1      | Reached XP level 3. HP: 19/19 MP: 0/10
  1056 | D:1      | Learned a level 3 spell: Conjure Flame
  1380 | D:2      | Reached skill level 3 in Conjurations
  1498 | D:2      | Found an opulent altar of Gozag.
  1498 | D:2      | Found a hide-covered altar of Uskayaw.
  1498 | D:2      | Found a deep blue altar of Sif Muna.
  1521 | D:2      | Reached XP level 4. HP: 22/24 MP: 6/11
  1637 | D:2      | Became a worshipper of Sif Muna the Loreminder
  1711 | D:2      | Noticed an ogre
  1719 | D:2      | Killed an ogre
  1719 | D:2      | Reached skill level 4 in Conjurations
  1719 | D:2      | Reached XP level 5. HP: 28/28 MP: 1/13
  2002 | D:2      | Found a shattered altar of Ashenzari.
  2559 | D:3      | You fall through a shaft for 2 floors!
  2559 | D:5      | Entered Level 5 of the Dungeon
  2579 | D:5      | Reached * piety under Sif Muna
  2658 | D:5      | Noticed a phantom
  2678 | D:5      | Killed a phantom
  2678 | D:5      | Reached skill level 5 in Spellcasting
  2678 | D:5      | Reached skill level 5 in Conjurations
  2678 | D:5      | Reached XP level 6. HP: 32/32 MP: 0/15
  3054 | D:4      | Found a shadowy altar of Dithmenos.
  3245 | D:3      | Reached skill level 5 in Fire Magic
  4217 | D:4      | Found a blossoming altar of Fedhas.
  4224 | D:4      | Reached XP level 7. HP: 36/36 MP: 9/17
  4502 | D:4      | Reached skill level 6 in Conjurations
  4828 | D:4      | Reached ** piety under Sif Muna
  4853 | D:4      | Noticed Pikel
  4902 | D:4      | Killed Pikel
  4902 | D:4      | Reached skill level 7 in Conjurations
  4902 | D:4      | Reached XP level 8. HP: 41/41 MP: 0/20
  5378 | D:5      | Found the +6 arbalest "Damnation" {damnation}
  5705 | D:5      | Reached skill level 8 in Conjurations
  6226 | D:5      | Reached *** piety under Sif Muna
  6231 | D:5      | Noticed Menkaure
  6582 | D:5      | Killed Menkaure
  6995 | D:6      | Reached skill level 9 in Conjurations
  7155 | D:6      | Reached XP level 9. HP: 45/45 MP: 10/23
  7515 | D:6      | Found a staircase to the Ecumenical Temple.
  8098 | D:7      | Noticed Joseph
  8107 | D:7      | HP: 2/45 [Joseph/sling bullet (16)]
  8107 | D:7      | Shot with an arrow by a centaur

Skill      XL: |  1  2  3  4  5  6  7  8 |
---------------+-------------------------+-----
Conjurations   | 2 3 4 5 7 9 |  9.6
Fire Magic     | 4 5 6 7 |  7.5
Spellcasting   | 4 5 6 8 |  8.6
Dodging        | |  2.4
Stealth        | |  2.4

Action                   |  1- 3 |  4- 6 |  7- 9 || total
-------------------------+-------+-------+-------++-------
Melee: Dagger            |       |     1 |     1 ||     2
 Cast: Flame Tongue      |    50 |   117 |   191 ||   358
       Throw Flame       |    18 |    10 |    12 ||    40
       Conjure Flame     |     1 |    20 |    17 ||    38
Invok: Divine Energy     |       |       |     1 ||     1
  Use: Scroll            |       |       |     6 ||     6
  Eat: Chunk             |     2 |     9 |     8 ||    19
       Ration            |       |       |     1 ||     1
Armor: Robe              |       |     8 |     5 ||    13
Dodge: Dodged            |     7 |    11 |    28 ||    46
